 Dungeon Crawl Stone Soup version 0.27.0-1-g7a089689b8 (webtiles) character file.

Game seed: 412228206246752481

43 vvl the Skirmisher (level 3, -7/29 HPs)
             Began as a Merfolk Fighter on Aug 13, 2021.
             Killed from afar by Sigmund (11 damage)
             ... with a magic dart
             ... on level 2 of the Dungeon.
             The game lasted 00:03:36 (2032 turns).

vvl the Skirmisher (Merfolk Fighter)                Turns: 2032, Time: 00:03:37

Health: -7/29      AC:  6    Str: 16    XL:     3   Next: 58%
Magic:  4/4        EV:  7    Int:  8    God:
Gold:   40         SH:  9    Dex: 13    Spells: 3/3 levels left

rFire    . . .     SeeInvis .   a - +0 trident
rCold    . . .     Faith    .   c - +0 kite shield
rNeg     . . .     Spirit   .   b - +0 scale mail
rPois    .         Reflect  .   (no helmet)
rElec    .         Harm     .   (no cloak)
rCorr    .         Rampage  .   (no gloves)
Will     .....                  (no boots)
Stlth    ..........             (no amulet)
HPRegen  0.09/turn              (no ring)
MPRegen  0.09/turn              (no ring)

@: no status effects
A: (nimble swimmer 2), mertail
a: no special abilities


You were on level 2 of the Dungeon.
You visited 1 branch of the dungeon, and saw 3 of its levels.

You collected 64 gold pieces.
You spent 24 gold pieces at shops.

Inventory:

Hand Weapons
 a - a +0 trident (weapon)
Armour
 b - a +0 scale mail (worn)
 c - a +0 kite shield (worn)
Scrolls
 e - a scroll of teleportation
 f - 2 scrolls of magic mapping {unknown}
 h - a scroll of amnesia {unknown}
 i - a scroll of acquirement {unknown}
Potions
 d - a potion of might
 g - a potion of mutation {unknown}


   Skills:
 + Level 3.5 Fighting
 + Level 3.2 Polearms
 + Level 2.3 Armour
 + Level 1.3 Dodging
 + Level 3.2 Shields
 + Level 0.7 Spellcasting
 + Level 0.7 Summonings
 + Level 1.2 Transmutations


You had 3 spell levels left.
You didn't know any spells.
Your spell library contained the following spells:

 Spells                   Type           Power      Damage    Failure   Level
 Beastly Appendage        Tmut           4%         N/A       99%         1
 Wereblood                Tmut           2%         N/A       99%         2
 Spider Form              Tmut/Pois      0%         N/A       100%        3


Dungeon Overview and Level Annotations

Branches:
Dungeon (3/15)

Altars:

Shops:
D:1 *

Annotations:
D:2 Sigmund


Innate Abilities, Weirdness & Mutations

((You are quick and stealthy near water. (Stealth+, EV+, Speed+++)))
Your lower body shifts to a powerful aquatic tail in water.


Message History

You reach to attack!
You barely miss Sigmund.
Sigmund points at you and mumbles some strange words.
You resist with significant effort. Sigmund gestures at you while chanting.
You resist with significant effort.
You reach to attack!
You completely miss Sigmund. Sigmund hits you but does no damage.
You reach to attack!
You hit Sigmund.
Sigmund is moderately wounded.
Sigmund mumbles some strange words.
Sigmund flickers and vanishes!
Deactivating autopickup; reactivate with Ctrl-A.
Something hits you.
No target in view!
No target in view!
No target in view!
No target in view!
No target in view!
Something hits you.
You closely miss something.
You hear some strange, mumbled words.
You are confused.
You miss something. Something hits you!
* * * LOW HITPOINT WARNING * * *
You hear some strange, mumbled words.
You are more confused.
Something hits you but does no damage. Something hits you.
* * * LOW HITPOINT WARNING * * *
You hear some strange, mumbled words.
Something tries to affect you, but you resist.
A magic dart appears from out of thin air!
The magic dart hits you.
* * * LOW HITPOINT WARNING * * *
You're too confused to move!
You feel less confused. Something hits you but does no damage.
A magic dart appears from out of thin air!
The magic dart hits you!
You die...

......... ...##'##
........?$#.........
+#####
..........#........
.......
.!........#........
......
..........#....##.#
....
###########....##'###'#
##### #...........#
#.... #...........#
#.... ###.@.........#
#.... #.....{.......#
#.... #.............#
#.... #....######...#
#.... #....#
##..###.... #....#
#......... #....#
#.>....... ######
#.......## #.......#


There were no monsters in sight!

Vanquished Creatures
  An adder (D:2)
  A dart slug (D:2)
  4 endoplasms
  A giant cockroach (D:2)
  2 goblins
  2 hobgoblins
  3 jackals
  4 kobolds
  A quokka (D:2)
  3 ball pythons
  5 bats
  3 frilled lizards (D:1)
  2 rats
32 creatures vanquished.

Notes
Turn   | Place    | Note
-------+----------+-------------------------------------------
     0 | D:1      | vvl the Merfolk Fighter began the quest for the Orb.
     0 | D:1      | Reached XP level 1. HP: 18/18 MP: 1/1
   267 | D:1      | Found a faded altar of an unknown god.
   368 | D:1      | Found Niugizo's General Store.
   376 | D:1      | Bought a scroll of identify for 24 gold pieces
   446 | D:1      | Reached XP level 2. HP: 24/24 MP: 2/2
   862 | D:2      | Noticed Sigmund
  1410 | D:2      | Reached skill level 1 in Dodging
  1410 | D:2      | Reached skill level 1 in Transmutations
  1441 | D:2      | Reached XP level 3. HP: 19/29 MP: 3/3
  2032 | D:2      | Killed from afar by Sigmund

Illustrated notes

Levels and vault maps discovered:
D:1:      giann_bridges, layout_basic, serial_shops, shop,
          shapermc_ecumenical_altar_mp_vishouse
D:2:      layout_basic, minmay_cupped, uniq_sigmund
D:3:      layout_basic, nrook_mini_backslash

Skill      XL: |  1  2 |
---------------+-------+-----
Dodging        | 1 |  1.3
Transmutations | 1 |  1.2
Fighting       | |  3.5
Polearms       | |  3.2
Armour         | |  2.3
Shields        | |  3.2
Spellcasting   | |  0.7
Summonings     | |  0.7

Action                   || total
-------------------------++-------
Melee: Trident           ||   105
  Use: Scroll            ||     1
Armor: Scale mail        ||    49
Dodge: Dodged            ||    31
Block: Kite shield       ||    54
